 Seeded DCSS version 0.27.1-2-g3b301248ec (webtiles) character file.

Game seed: 17979796883088392625 (custom seed)

1780 babuloseo the Twirler (level 9, -2/102 HPs)
             Began as a Human Monk on Sept 26, 2021.
             Was an Elder of Trog.
             Slain by a gnoll sergeant (6 damage)
             ... in a bailey.
             The game lasted 00:06:51 (2946 turns).

babuloseo the Twirler (Human Monk)                  Turns: 2946, Time: 00:06:53

Health: -2/102     AC: 11    Str: 17    XL:     9   Next: 29%
Magic:  11/11      EV:  6    Int: 10    God:    Trog [****..]
Gold:   117        SH:  0    Dex: 16    Spells: 10/10 levels left

rFire    . . .     SeeInvis .   m - +5 lajatang of Departure {vorpal, rC+ Will++ rCorr Str+2}
rCold    + . .     Faith    .   (shield currently unavailable)
rNeg     . . .     Spirit   .   j - +1 plate armour
rPois    .         Reflect  .   (no helmet)
rElec    .         Harm     .   (no cloak)
rCorr    +         Rampage  .   (no gloves)
Will     ++++.                  (no boots)
Stlth    ..........             c - amulet of regeneration
HPRegen  2.27/turn              i - +4 ring of slaying
MPRegen  0.12/turn              (no ring)

@: berserking (expiring), strong-willed, regenerating, very quick
A: no striking features
a: Renounce Religion, Berserk, Trog's Hand, Brothers in Arms


You were in a bailey.
You worshipped Trog.
Trog was greatly pleased with you.
You visited 1 branch of the dungeon, and saw 5 of its levels.
You also visited: Bailey.

You collected 117 gold pieces.

Inventory:

Hand Weapons
 a - a +1 spear
 m - the +5 lajatang of Departure (weapon) {vorpal, rC+ Will++ rCorr Str+2}
   (You found it on level 4 of the Dungeon)

   It inflicts extra damage upon your enemies.
   Str:       It affects your strength (+2).
   rC:        It protects you from cold.
   rCorr:     It protects you from acid and corrosion.
   Will:      It greatly increases your willpower.
Missiles
 h - a throwing net (quivered)
Armour
 b - a +0 robe
 j - a +1 plate armour (worn)
Jewellery
 c - an amulet of regeneration (around neck)
 i - a +4 ring of slaying (left hand)
 o - a ring of fire
Wands
 s - a wand of mindburst (6)
Scrolls
 d - 2 scrolls of amnesia
 q - a scroll of noise
Potions
 e - a potion of berserk rage {unknown}
 f - 2 potions of curing {unknown}
 g - 2 potions of invisibility {unknown}
 k - a potion of resistance {unknown}
 p - a potion of cancellation {unknown}
 r - a potion of might {unknown}


   Skills:
 + Level 5.6 Fighting
 - Level 4.7(6.3) Polearms
 * Level 6.3(7.1) Staves
 + Level 5.6 Dodging
 + Level 5.5 Stealth
 - Level 1.3 Spellcasting


You had 10 spell levels left.
You didn't know any spells.
Your spell library was empty.

Dungeon Overview and Level Annotations

Branches:
Dungeon (7/15)             Bailey (1/1)
 Temple: D:4-7

Altars:
Trog

Shops:
D:3 (:[[


Message History

The gnoll sergeant hits you but does no damage.
The gnoll hits you from afar with a +0 halberd.
You hit the gnoll sergeant.
The gnoll sergeant is lightly wounded.
The gnoll sergeant barely misses you. The gnoll closely misses you.
You slash the gnoll sergeant!
The gnoll sergeant is severely wounded.
The gnoll sergeant hits you with a +0 halberd!
The gnoll hits you from afar with a +0 halberd!
The gnoll sergeant hits you from afar with a +0 glaive!
You are too injured to fight recklessly!
You are too injured to fight recklessly!
Unknown command.
The gnoll sergeant hits you from afar with a +0 halberd!
Your skin crawls.
You feel strong-willed.
The gnoll sergeant hits you from afar with a +0 halberd!
* * * LOW HITPOINT WARNING * * *
The gnoll sergeant hits you but does no damage.
A red film seems to cover your vision as you go berserk!
You feel yourself moving faster!
You feel mighty! The gnoll sergeant barely misses you.
The gnoll sergeant hits you from afar with a +0 glaive!
* * * LOW HITPOINT WARNING * * *
You feel a strong urge to attack something.
The gnoll sergeant barely misses you. The gnoll hits you but does no damage.
You are too injured to fight recklessly!
You are too injured to fight recklessly!
You slice the gnoll sergeant!!
You kill the gnoll sergeant!
Trog accepts your kill. The gnoll hits you but does no damage.
You slice the gnoll sergeant!!
The gnoll sergeant is almost dead.
The gnoll hits you from afar with a +0 halberd.
* * * LOW HITPOINT WARNING * * *
The gnoll shaman hits you from afar with a +0 trident.
* * * LOW HITPOINT WARNING * * *
The gnoll sergeant hits you with a +0 glaive.
You die...

#..$8$..# ≈♣
....... ≈♣ ..... ≈♣
g.. ≈♣ ##'## ≈♣
#.gg# ≈♣ #..g# ##≈♣
#...# #.≈♣
.######'''######@≈♣
.............gg.g≈♣
≈............ggg≈≈♣
≈≈≈≈≈≈≈)).≈≈≈≈≈≈≈♣♣
♣.......†.......♣♣
♣♣♣...........♣♣♣
♣♣♣♣.......♣♣
♣♣.∩.♣♣♣♣ ♣♣.♣♣


You could see a gnoll sergeant, a gnoll shaman and 4 gnolls.

Vanquished Creatures
  A two-headed ogre (D:4)
  A deep elf pyromancer (D:7)
  A black bear (D:4)
  An ice beast (D:7)
  A kobold brigand (D:7)
  A gnoll sergeant (Bailey)
  A scorpion (D:4)
  A water moccasin skeleton (D:7)
  A jelly (D:4)
  2 hounds (Bailey)
  2 iguanas
  Ijyb (D:3)
  2 hound skeletons (D:4)
  3 adders
  3 gnolls
  An adder skeleton (D:4)
  3 dart slugs
  A worm (D:3)
  2 orcs (D:4)
  7 ball pythons
  7 endoplasms
  4 giant cockroaches
  17 goblins
  4 hobgoblins
  2 jackals (D:1)
  2 quokkas (D:4)
  3 bats
  6 frilled lizards
  10 kobolds
  5 rats (D:1)
96 creatures vanquished.

Vanquished Creatures (others)
  A rat (D:1)
1 creature vanquished.

Grand Total: 97 creatures vanquished

Notes
Turn   | Place    | Note
-------+----------+-------------------------------------------
     0 | D:1      | babuloseo the Human Monk began the quest for the Orb.
     0 | D:1      | Reached XP level 1. HP: 18/18 MP: 1/1
   288 | D:1      | Reached XP level 2. HP: 24/24 MP: 2/2
   413 | D:1      | HP: 1/24 [poisoned by a kobold]
   418 | D:1      | HP: 1/24 [poisoned by a kobold]
   563 | D:1      | Reached skill level 1 in Spellcasting
   563 | D:1      | Reached XP level 3. HP: 29/29 MP: 4/4
  1026 | D:2      | Found a faded altar of an unknown god.
  1034 | D:2      | Became a worshipper of Trog the Wrathful
  1034 | D:2      | Reached * piety under Trog
  1034 | D:2      | Reached ** piety under Trog
  1180 | D:2      | Reached skill level 1 in Staves
  1180 | D:2      | Reached XP level 4. HP: 35/35 MP: 6/6
  1437 | D:3      | Reached *** piety under Trog
  1446 | D:3      | Found Naoreuss's Book Shoppe.
  1496 | D:3      | Found Ynoatz's Antique Armour Emporium.
  1733 | D:4      | Reached XP level 5. HP: 32/41 MP: 7/7
  1851 | D:4      | Reached XP level 6. HP: 48/48 MP: 8/8
  1859 | D:4      | Identified the +5 lajatang of Departure {vorpal, rC+ Will++
                  | rCorr Str+2}
  1867 | D:4      | Reached skill level 2 in Staves
  1916 | D:3      | Found Cuh Hufu's Antique Armour Emporium.
  2225 | D:3      | Found Boshruss's Antique Weapon Emporium.
  2239 | D:3      | Noticed Ijyb
  2250 | D:3      | Killed Ijyb
  2441 | D:4      | Noticed a two-headed ogre
  2449 | D:4      | Killed a two-headed ogre
  2450 | D:4      | Reached skill level 4 in Staves
  2450 | D:4      | Reached XP level 7. HP: 55/55 MP: 9/9
  2450 | D:4      | Reached XP level 8. HP: 61/61 MP: 10/10
  2578 | D:4      | Reached **** piety under Trog
  2583 | D:4      | You fall into a shaft and drop 3 floors!
  2593 | D:7      | Reached skill level 5 in Staves
  2600 | D:7      | Reached skill level 5 in Dodging
  2619 | D:7      | Noticed a deep elf pyromancer
  2622 | D:7      | Noticed a fire elemental
  2622 | D:7      | Noticed a fire elemental
  2626 | D:7      | Killed a deep elf pyromancer
  2627 | D:7      | Reached skill level 5 in Fighting
  2627 | D:7      | Reached skill level 5 in Stealth
  2627 | D:7      | Reached XP level 9. HP: 33/68 MP: 11/11
  2705 | D:7      | Found a flagged portal.
  2752 | D:7      | Reached skill level 6 in Staves
  2844 | Bailey   | Entered a bailey
  2946 | Bailey   | HP: 4/102 [gnoll shaman (6)]
  2946 | Bailey   | Slain by a gnoll sergeant

Illustrated notes

Levels and vault maps discovered:
D:1:      minmay_arrival_cross, layout_loops_ring
D:2:      layout_rooms, shapermc_ecumenical_altar_venn
D:3:      layout_basic, serial_shops, shop, nicolae_shop_behind_doors, shop,
          shop, uniq_ijyb
D:4:      minmay_octagon_keep, layout_loops_ring, ebering_ghost_reflecting_pool,
          small_statue_intersection
D:7:      layout_basic, enter_bailey_8, solitary_fountain,
          guppyfry_early_elven_hall
Bailey:   bailey_polearm_gnolls_kennysheep, bailey

Skill      XL: |  1  2  3  4  5  6  7  8  9 |
---------------+----------------------------+-----
Spellcasting   | 1 |  1.3
Staves         | 1 4 5 6 |  6.3
Stealth        | 3 4 5 |  5.5
Fighting       | 4 5 |  5.6
Polearms       | 4 |  4.7
Dodging        | 4 5 |  5.6

Action                   |  1- 3 |  4- 6 |  7- 9 || total
-------------------------+-------+-------+-------++-------
Melee: Spear             |   118 |    96 |       ||   214
       Lajatang          |       |    25 |    44 ||    69
Invok: Berserk           |     1 |     2 |     2 ||     5
       Trog's Hand       |       |       |     1 ||     1
Evoke: Wand              |       |     5 |       ||     5
  Use: Scroll            |       |       |     6 ||     6
 Stab: Sleeping          |    16 |     1 |       ||    17
Armor: Robe              |    10 |     1 |       ||    11
       Plate armour      |       |    61 |    41 ||   102
Dodge: Dodged            |    53 |    21 |    15 ||    89
